 Dungeon Crawl Stone Soup version 0.31-a0-198-g2ad674f65e (webtiles) character file.

Game seed: 8950062387504317112

36 qw the Shooter (level 3, -1/20 HPs)
             Began as a Deep Elf Hunter on June 25, 2023.
             Succumbed to an adder's poison
             ... on level 2 of the Dungeon.
             The game lasted 00:00:16 (885 turns).

qw the Shooter (Deep Elf Hunter)                     Turns: 885, Time: 00:00:16

Health: -1/20      AC:  3    Str: 10    XL:     3   Next: 19%
Magic:  5/5        EV: 13    Int: 13    God:
Gold:   66         SH:  0    Dex: 24    Spells: 2/2 levels left

rFire   . . .        Y - +0 shortbow
rCold   . . .        (shield currently unavailable)
rNeg    . . .        c - +0 leather armour
rPois   .            (no helmet)
rElec   .            (no cloak)
rCorr   .            (no gloves)
SInv    .            (no boots)
Will    .....        (no amulet)
Stlth   ++           f - +6 ring of dexterity
HPRegen 0.23/turn    (no ring)
MPRegen 0.09/turn

%: no passive effects
@: lethally poisoned (-1 -> -12)
A: no striking features
a: no special abilities


You were on level 2 of the Dungeon.
You visited 1 branch of the dungeon, and saw 2 of its levels.

You collected 66 gold pieces.


   Skills:
 - Level 1.5 Fighting
 + Level 6.8 Ranged Weapons
 - Level 2.4 Dodging
 - Level 1.2 Stealth


You had 2 spell levels left.
You didn't know any spells.
Your spell library was empty.

Inventory:

Hand Weapons
 Y - a +0 shortbow (weapon)
Armour
 c - a +0 leather armour (worn)
Jewellery
 f - a +6 ring of dexterity (left hand)
Potions
 g - a potion of degeneration {unknown}
 j - a potion of enlightenment {unknown}

Dungeon Overview and Level Annotations

Branches:
Dungeon (2/15)

Altars:


Message History

You have reached level 3!
Your experience leads to an increase in your attributes!
Your base attributes are Str 8, Int 13, Dex 18.
Increase (S)trength, (I)ntelligence, or (D)exterity?
You feel stronger. x2
A goblin comes into view. It is wielding a +0 club.
Enter note: You shoot an arrow.
The arrow hits the goblin!
You kill the goblin!
An adder comes into view.
The adder hisses angrily.
The adder moves out of view.
Enter note: You see here a +0 club.
Enter note: You shoot an arrow.
The arrow closely misses the adder.
You shoot an arrow. The arrow closely misses the adder.
You shoot an arrow. The arrow hits the adder!
The adder is almost dead.
A bat comes into view.
The adder completely misses you. The adder bites you.
You are poisoned.
The adder poisons you!
The bat moves out of view.
You shoot an arrow.
The arrow hits the adder but does no damage.
The adder is almost dead.
You feel sick. The adder bites you.
You are more poisoned.
The adder poisons you!
You shoot an arrow. The arrow closely misses the adder.
You feel very sick. The adder bites you.
You are more poisoned.
The adder poisons you! The adder barely misses you.
You shoot an arrow. The arrow misses the adder.
You feel very sick. The adder bites you.
You shoot an arrow. The arrow hits the adder!
You kill the adder!
You die...

##....#######
.............#
.............# .
.............# ..
...<.........# ...
.............# ....
####.........# .....
...#.........#####......
...+............@%b.....
...#)........#####......
...#.........# ###..
...#.........#
...#.........##
.................
.............####
....%.######## ##....#


You could see a bat.

Vanquished Creatures
  3 adders (D:2)
  2 ball pythons (D:1)
  2 endoplasms (D:1)
  6 goblins
  A hobgoblin (D:1)
  A bat (D:1)
  A kobold (D:1)
  2 rats (D:1)
18 creatures vanquished.

Notes
Turn   | Place    | Note
-------+----------+-------------------------------------------
     0 | D:1      | qw the Deep Elf Hunter began the quest for the Orb.
     0 | D:1      | Reached XP level 1. HP: 12/12 MP: 3/3
     0 | D:1      | 0 ||| qw: Version: 0.3-a-22-g0ed2b0b
     0 | D:1      | 0 ||| qw: Game counter: 4879
     0 | D:1      | 0 ||| qw: Melee chars always use a shield: true
     0 | D:1      | 0 ||| qw: God list: Okawaru
     0 | D:1      | 0 ||| qw: Allow faded altars: false
     0 | D:1      | 0 ||| qw: Do Orc after clearing Dungeon:15 true
     0 | D:1      | 0 ||| qw: Do second Lair branch before Depths: true
     0 | D:1      | 0 ||| qw: Lair rune preference: random
     0 | D:1      | 0 ||| qw: Goals: Normal
     0 | D:1      | 0 ||| PLANNING D:1-11
   149 | D:1      | Reached XP level 2. HP: 16/16 MP: 4/4
   160 | D:1      | Reached skill level 6 in Ranged Weapons
   800 | D:1      | 800 ||| DROPPING ring of wizardry.
   801 | D:1      | 801 ||| UPGRADING to +6 ring of dexterity.
   802 | D:1      | 802 ||| READING scroll labelled SARARUASS.
   806 | D:1      | 806 ||| READING scroll labelled VYHAPR XEOCA.
   807 | D:1      | 807 ||| READING scroll labelled USKAUSOPUD.
   808 | D:1      | 808 ||| DROPPING scroll of butterflies.
   865 | D:2      | Reached XP level 3. HP: 20/20 MP: 5/5
   884 | D:2      | HP: 3/20 [poisoned by an adder]
   884 | D:2      | HP: 1/20 [adder (2)]
   885 | D:2      | Succumbed to an adder's poison

Levels and vault maps discovered:
D:1:      eino_arrival_cavern_c, layout_basic, serial_aquarium,
          aquarium_bridge_square [aquarium_subvault_window,
          aquarium_subvault_wall, aquarium_subvault_bridge,
          aquarium_subvault_bridge], aquarium_window_1,
          aquarium_window_corridor_2, aquarium_window_fake, aquarium_view_2f,
          aquarium_view_2c
D:2:      layout_basic, minmay_misc_feat_pillars, uniq_robin

Skill      XL: |  1  2 |
---------------+-------+-----
Ranged Weapons | 6 |  6.8
Fighting       | |  1.5
Dodging        | |  2.4
Stealth        | |  1.2

Action                     || total
---------------------------++-------
   Fire: Shortbow          ||    58
    Use: Scroll            ||     3
  Dodge: Dodged            ||    14

Table legend:
 A = Non-vault XP
 B = Vault XP
 C = Vault XP percentage of total XP
 D = Non-vault monster count
 E = Vault monster count
 F = Vault count percentage of total count
                 A         B        C        D         E       F
            +---------+---------+-------+---------+---------+-------
      Total |      65 |       0 |   0.0 |      18 |       0 |   0.0
            +---------+---------+-------+---------+---------+-------
        D:1 |      24 |       0 |   0.0 |      14 |       0 |   0.0
        D:2 |      41 |       0 |   0.0 |       4 |       0 |   0.0
            +---------+---------+-------+---------+---------+-------
